 Dungeon Crawl Stone Soup version 0.31-a0-1074-g0b22e4e0f1 (webtiles) character file.

Game seed: 3006976751235601146

4395 bmb222 the Geomancer (level 10, 0/58 HPs)
             Began as a Deep Elf Earth Elementalist on Nov 27, 2023.
             Was a Believer of Vehumet.
             Slain by an orc warrior
             ... wielding a +0 long sword
              (13 damage)
             ... on level 8 of the Dungeon.
             The game lasted 00:17:25 (7957 turns).

bmb222 the Geomancer (Deep Elf Earth Elementalist)  Turns: 7957, Time: 00:17:26

Health: 0/58       AC:  3    Str:  5    XL:     10   Next: 13%
Magic:  13/25      EV: 13    Int: 25    God:    Vehumet [**....]
Gold:   387        SH:  0    Dex: 15    Spells: 15/27 levels left

rFire   + + .        D - staff of fire
rCold   . . .        (no shield)
rNeg    . . .        a - +0 robe
rPois   .            j - +0 helmet
rElec   .            r - scarf {repulsion}
rCorr   .            (no gloves)
SInv    .            (no boots)
Will    +....        (no amulet)
Stlth   ++           q - ring of protection from fire
HPRegen 0.29/turn    E - ring of flight
MPRegen 0.19/turn

%: repel missiles
@: flying, very slightly contaminated, studying Maces & Flails
A: no striking features
a: Renounce Religion


You were on level 8 of the Dungeon.
You worshipped Vehumet.
Vehumet was pleased with you.
You visited 2 branches of the dungeon, and saw 10 of its levels.

You collected 387 gold pieces.

Inventory:

Missiles
 x - a throwing net
Armour
 a - a +0 robe (worn)
 j - a +0 helmet (worn)
 r - a scarf of repulsion (worn)
Magical Staves
 D - a staff of fire (weapon)
Jewellery
 q - a ring of protection from fire (left hand)
 s - an amulet of guardian spirit
 E - a ring of flight (right hand)
Wands
 z - a wand of mindburst (19)
 B - a wand of paralysis (10)
Scrolls
 b - a scroll of amnesia {unknown}
 d - 2 scrolls of poison {unknown}
 e - 2 scrolls of fog {unknown}
 f - 2 scrolls of fear {unknown}
 g - 6 scrolls of identify {unknown}
 k - 3 scrolls of teleportation {unknown}
 n - 3 scrolls of revelation {unknown}
 p - 2 scrolls of blinking {unknown}
 y - 2 scrolls of immolation {unknown}
Potions
 c - 10 potions of curing {unknown}
 h - 4 potions of haste {unknown}
 i - a potion of heal wounds {unknown}
 l - a potion of degeneration {unknown}
 m - a potion of enlightenment {unknown}
 o - 2 potions of mutation {unknown}
 t - a potion of brilliance {unknown}
 u - 2 potions of attraction {unknown}
 v - a potion of berserk rage {unknown}
 w - a potion of resistance {unknown}
 A - 2 potions of invisibility {unknown}
 C - a potion of might {unknown}


   Skills:
 * Level 4.5 Fighting
 - Level 3.1 Dodging
 - Level 2.5 Stealth
 - Level 9.2 Spellcasting
 * Level 7.2 Conjurations
 + Level 1.1 Transmutations
 + Level 11.2 Earth Magic


You had 15 spell levels left.
You knew the following spells:

 Your Spells              Type           Power      Damage    Failure   Level
a - Sandblast             Erth           100%       2d20      1%          1
b - Stone Arrow           Conj/Erth      100%       3d13      1%          3
c - Brom's Barrelling Bo  Conj/Erth      55%        2d7       1%          4
d - Animate Armour        Summ/Erth      78%        N/A       5%          4

Your spell library contained the following spells:

 Spells                   Type           Power      Damage    Failure   Level
 Dazzling Flash           Conj/Hex       58%        N/A       3%          3
 Kiss of Death            Conj/Necr      100%       2d13      1%          1
 Passwall                 Tmut/Erth      35%        N/A       1%          2
 Petrify                  Tmut/Erth      42%        N/A       4%          4
 Apportation              Tloc           22%        N/A       5%          1
 Necrotise                Necr           44%        1d6       5%          1
 Summon Small Mammal      Summ           44%        N/A       5%          1
 Ensorcelled Hibernation  Hex/Ice        22%        N/A       9%          2
 Scorch                   Fire           34%        2d6       9%          2
 Flame Wave               Conj/Fire      44%        2d11      12%         4
 Confusing Touch          Hex            11%        N/A       16%         3
 Swiftness                Air            11%        N/A       16%         3
 Tukima's Dance           Hex            11%        N/A       16%         3
 Dispel Undead            Necr           11%        3d9       47%         4
 Passage of Golubria      Tloc           11%        N/A       47%         4
 Yara's Violent Unravell  Hex/Tmut       7%         3d5       75%         5
 Summon Cactus Giant      Summ           5%         N/A       100%        6
 Lehudib's Crystal Spear  Conj/Erth      27%        10d7      100%        8


Dungeon Overview and Level Annotations

Branches:
Dungeon (9/15)             Temple (1/1) D:4
   Lair: D:8-11         Orc: D:9-12

Altars:
Cheibriados
Dithmenos
Elyvilon
Fedhas
Gozag
Kikubaaqudgha
Makhleb
Nemelex Xobeh
Okawaru
Ru
Sif Muna
Trog
Uskayaw
Vehumet
Wu Jian
Xom
Yredelemnul
Zin
The Shining One

Annotations:
D:3 2 runed translucent doors, Crazy Yiuf; wildpjah's ghost, amateur MfGl
D:9 Prince Ribbit


Message History

Aiming: Stone Arrow (safe; 1% risk of failure)
Press: ? - help, Shift-Dir - straight line, f - orc priest
Aim: an orc priest, wielding a +0 club (78% to hit)
The stone arrow hits the orc priest!
The orc priest is heavily wounded.
The orc warrior hits you with a +0 long sword!
The orc priest barely misses you. The orc completely misses you.
Casting: Stone Arrow (safe; 1% risk of failure)
Confirm with . or Enter, or press ? or * to list all spells.
Aiming: Stone Arrow (safe; 1% risk of failure)
Press: ? - help, Shift-Dir - straight line, f - orc, p - orc priest
Aim: an orc, wielding a +0 war axe and wearing a +0 leather armour (78% to hit)
The stone arrow hits the orc!!
You kill the orc!
Vehumet accepts your kill.
You feel your power returning.
The orc warrior hits you with a +0 long sword!
The orc priest hits you but does no damage.
Things that are here:
a +0 war axe; a +0 leather armour; an orc corpse
Okay, then.
Okay, then.
Casting: Stone Arrow (safe; 1% risk of failure)
Confirm with . or Enter, or press ? or * to list all spells.
Okay, then.
Casting: Stone Arrow (safe; 1% risk of failure)
Confirm with . or Enter, or press ? or * to list all spells.
You miscast Animate Armour.
You are very lightly contaminated with residual magic.
Nothing appears to happen.
The orc warrior barely misses you.
Unknown command.
Casting: Animate Armour (dangerous; 5% risk of failure)
Confirm with . or Enter, or press ? or * to list all spells.
The orc warrior closely misses you.
The orc warrior attacks as it pursues you!
The orc warrior hits you with a +0 long sword!
* * * LOW HITPOINT WARNING * * *
The orc warrior attacks as it pursues you!
The orc warrior hits you with a +0 long sword!
You die...

.....####....PP.....P..P.........
##......#...P..._...P..P.........
........#.........#.....PP..)....
.#..##..####.#..###.##...........
.#...........##.[......##........
........#######o###.##...<..##...
........# #)# #.#####.#####.#
##......# #o###.......# #.#
##...### #.@..)####### #.# #...#
#####.# #.# #...# ######.## #.#
#...# #.......##########.(
###...########.#####.#.....##....
............##.# #.#.....##.###
............##.# #......>##.###
............#..# #.#.....##.##.
##....#.###.#..#####.#.(...##.##.


You could see an orc warrior and an orc priest.

Vanquished Creatures
  Jeremiah (D:7)
  Grinder (D:4)
  Sigmund (D:3)
  A wyvern (D:8)
  3 yaks (D:8)
  Edmund (D:4)
  Duvessa (D:4)
  2 black bears (D:7)
  A sky beast (D:6)
  4 centaurs
  4 kobold brigands
  A bullfrog (D:7)
  2 gnoll sergeants (D:6)
  6 scorpions
  4 wights
  Dowan (D:4)
  6 killer bees
  A howler monkey (D:5)
  5 jellies
  3 hounds
  2 orc priests (D:5)
  A sleepcap (D:5)
  5 iguanas
  4 orc wizards
  27 gnolls
  7 adders
  A shadow imp (D:6)
  4 ufetubi
  A worm (D:3)
  3 dart slugs (D:3)
  15 orcs
  8 endoplasms
  3 giant cockroaches
  7 goblins
  9 hobgoblins
  7 jackals
  2 quokkas (D:1)
  10 ball pythons
  6 bats
  6 frilled lizards
  23 kobolds
  4 rats
204 creatures vanquished.

Vanquished Creatures (collateral kills)
  An orc (D:8)
  6 boulders
7 creatures vanquished.

Vanquished Creatures (others)
  9 boulders
9 creatures vanquished.

Grand Total: 220 creatures vanquished

Notes
Turn   | Place    | Note
-------+----------+-------------------------------------------
     0 | D:1      | bmb222 the Deep Elf Earth Elementalist began the quest for
                  | the Orb.
     0 | D:1      | Reached XP level 1. HP: 10/10 MP: 6/6
   205 | D:1      | Reached XP level 2. HP: 15/15 MP: 5/8
   411 | D:1      | Reached skill level 4 in Earth Magic
   617 | D:1      | Reached XP level 3. HP: 19/19 MP: 8/10
  1849 | D:3      | Reached XP level 4. HP: 23/24 MP: 6/12
  1921 | D:3      | Noticed Sigmund
  1945 | D:3      | Learned a level 3 spell: Stone Arrow
  2194 | D:3      | Found a runed translucent door.
  2205 | D:3      | Noticed wildpjah's ghost (amateur MfGl)
  2216 | D:3      | Reached skill level 1 in Conjurations
  2301 | D:3      | Reached skill level 5 in Earth Magic
  2311 | D:3      | Killed Sigmund
  2312 | D:3      | Reached skill level 5 in Spellcasting
  2312 | D:3      | Reached XP level 5. HP: 20/28 MP: 10/15
  2312 | D:3      | Reached XP level 6. HP: 23/32 MP: 10/16
  2370 | D:3      | Found a faded altar of an unknown god.
  2643 | D:3      | Found a runed translucent door.
  2644 | D:3      | Noticed Crazy Yiuf
  2702 | D:4      | Noticed Duvessa
  2702 | D:4      | Noticed Dowan
  2866 | D:4      | Noticed Grinder
  2870 | D:4      | Killed Grinder
  2871 | D:4      | Reached skill level 6 in Earth Magic
  2871 | D:4      | Reached XP level 7. HP: 36/36 MP: 14/19
  2927 | D:4      | Noticed Edmund
  2931 | D:4      | Killed Edmund
  3405 | D:4      | Found a staircase to the Ecumenical Temple.
  3414 | Temple   | Entered the Ecumenical Temple
  3429 | Temple   | Became a worshipper of Vehumet
  3872 | D:4      | Killed Duvessa
  3873 | D:4      | Reached XP level 8. HP: 42/42 MP: 15/22
  3923 | D:4      | Killed Dowan
  3924 | D:4      | Reached skill level 1 in Fighting
  3924 | D:4      | Reached skill level 7 in Earth Magic
  4080 | D:5      | Entered Level 5 of the Dungeon
  4249 | D:5      | Reached * piety under Vehumet
  4249 | D:5      | Offered knowledge of Freeze by Vehumet.
  4336 | D:5      | Found a blossoming altar of Fedhas.
  4383 | D:5      | Identified the +0 ring mail "Zucod" {Fly Int+3}
  4706 | D:5      | Identified the +2 leather armour of Beogh's Favour {+Inv}
  4875 | D:6      | Reached skill level 5 in Conjurations
  4954 | D:6      | Reached skill level 8 in Earth Magic
  4959 | D:6      | Learned a level 4 spell: Brom's Barrelling Boulder
  5407 | D:6      | Reached XP level 9. HP: 49/49 MP: 20/24
  5580 | D:6      | Found an iron altar of Okawaru.
  5679 | D:6      | Reached ** piety under Vehumet
  5787 | D:6      | Offered knowledge of Magic Dart by Vehumet.
  5788 | D:6      | Reached skill level 9 in Earth Magic
  6110 | D:7      | Noticed Jeremiah
  6302 | D:7      | Reached skill level 10 in Earth Magic
  6338 | D:7      | Found a shadowy altar of Dithmenos.
  6705 | D:7      | Killed Jeremiah
  7023 | D:8      | Found a glowing silver altar of Zin.
  7118 | D:8      | Found a hide-covered altar of Uskayaw.
  7358 | D:8      | Offered knowledge of Dazzling Flash by Vehumet.
  7365 | D:8      | Learned a level 4 spell: Animate Armour
  7375 | D:8      | Reached XP level 10. HP: 56/56 MP: 17/25
  7487 | D:8      | Reached skill level 11 in Earth Magic
  7695 | D:8      | You fall into a shaft and drop 1 floor!
  7695 | D:9      | Found a basalt altar of Yredelemnul.
  7948 | D:9      | Noticed Prince Ribbit
  7957 | D:8      | Slain by an orc warrior

Illustrated notes

Levels and vault maps discovered:
D:1:      dpeg_arrival_morbid_curiosity, layout_basic
D:2:      layout_loops_ring, chequers_garden
D:3:      layout_rooms, serial_corexii_hall, chequers_hall_statues_wall_a,
          corexii_hall_statues_t, chequers_hall_statues_corner_a,
          shapermc_ecumenical_altar_mp_ritualfount, ebering_ghost_sewer_d,
          hangedman_abyss_or_decor_lesser_grid, saegor_snake_ambush,
          uniq_sigmund, uniq_crazy_yiuf_cottage
D:4:      layout_gridville, minmay_temple_entry_arrows, uniq_duvessa,
          uniq_grinder, uniq_edmund
D:5:      layout_rooms, fedhas_altar_2, sigmund_army
D:6:      layout_loops_ring, okawaru_metal_pillars_1_2,
          kennysheep_generic_room_6
D:7:      layout_loops_cross, grunt_dithmenos_smoke, uniq_jeremiah
D:8:      layout_loops_cross, mainiacjoe_overflow_catch_the_wave
D:9:      layout_big_octagon, mainiacjoe_overflow_chevrons,
          nicolae_hepliaklqana_hazy_memory, dpeg_lair_monsters,
          serial_column_ruins, column_ruins_grid_4, column_ruins_grid_3,
          column_ruins_grid_1, column_ruins_corridor_T, column_ruins_open_small,
          column_ruins_columns_straight, uniq_amaemon, uniq_prince_ribbit1
Temple:   nicolae_temple_ecumenical_triangle

Skill      XL: |  1  2  3  4  5  6  7  8  9 10 |
---------------+-------------------------------+-----
Earth Magic    | 4 5 6 8 10 11 | 11.2
Spellcasting   | 4 5 6 8 9 |  9.2
Conjurations   | 2 3 4 5 7 |  7.2
Dodging        | 3 |  3.1
Fighting       | 2 4 |  4.5
Stealth        | |  2.5
Transmutations | |  1.1

Action                     |  1- 3 |  4- 6 |  7- 9 | 10-12 || total
---------------------------+-------+-------+-------+-------++-------
  Melee: Unarmed           |     5 |       |     2 |       ||     7
         Punch             |     1 |       |       |       ||     1
   Cast: Sandblast         |    69 |    51 |   116 |     5 ||   241
         Stone Arrow       |       |       |    43 |     7 ||    50
         Brom's Barrelling |       |       |    20 |     3 ||    23
         Animate Armour    |       |       |     1 |     1 ||     2
    Use: Potion            |       |       |     1 |       ||     1
 Armour: Robe              |    18 |    11 |    46 |     9 ||    84
  Dodge: Dodged            |    34 |    10 |    69 |    11 ||   124
         Repelled          |       |     1 |       |       ||     1

Table legend: (Time is in decaauts)
 A = Elapsed time spent in this place.
 B = Non-inter-level travel time spent in this place.
 C = Inter-level travel time spent in this place.
 D = Time resting spent in this place.
 E = Time spent auto-exploring this place.
 F = Levels seen in this place.
 G = Mean time per level.
                   A        B        C        D        E       F      G
               +--------+--------+--------+--------+--------+-----+--------+
         Total |   8100 |   7910 |    190 |   1250 |   5249 |  10 |  810.0 |
       Dungeon |   7966 |   7776 |    190 |   1151 |   5249 |   9 |  885.1 |
        Temple |    134 |    134 |      0 |     99 |      0 |   1 |  134.0 |
               +--------+--------+--------+--------+--------+-----+--------+

Top non-repeatable levels by time:
     D:4: 1189 daAuts
     D:6: 1183 daAuts
     D:1: 1183 daAuts
     D:8: 1065 daAuts
     D:3: 993 daAuts
     D:7: 906 daAuts
     D:5: 752 daAuts
     D:2: 669 daAuts
  Temple: 134 daAuts
     D:9: 23 daAuts
